 Dungeon Crawl Stone Soup version 0.30-a0-42-g806c11bf1d (webtiles) character file.

Game seed: 4363561892593050927

1913 Nattfarinn the Grave Robber (level 9, -5/65 HPs)
             Began as a Gnoll Necromancer on Aug 30, 2022.
             Slain by an orc warrior
             ... wielding a +0 broad axe
              (18 damage)
             ... on level 6 of the Dungeon.
             The game lasted 00:10:59 (6576 turns).

Nattfarinn the Grave Robber (Gnoll Necromancer)     Turns: 6576, Time: 00:10:59

Health: -5/65      AC:  4    Str:  7    XL:     9   Next: 16%
Magic:  18/18      EV: 15    Int: 19    God:
Gold:   235        SH:  6    Dex: 19    Spells: 17/21 levels left

rFire   . . .      SeeInvis .    v - +2 dagger (elec)
rCold   . . .      Faith    .    p - +0 buckler
rNeg    . . .      Spirit   .    a - +0 robe
rPois   .          Reflect  .    e - +0 helmet
rElec   .          Harm     .    (no cloak)
rCorr   .          Rampage  .    (no gloves)
Will    .....                    l - +0 pair of boots
Stlth   +++.......               (no amulet)
HPRegen 0.20/turn                n - +6 ring of dexterity
MPRegen 0.16/turn                (no ring)

@: brilliant
A: fangs 1, strong nose, distributed training
a: no special abilities


You were on level 6 of the Dungeon.
You visited 2 branches of the dungeon, and saw 7 of its levels.

You collected 235 gold pieces.

Inventory:

Hand Weapons
 d - a +0 rapier
 f - a +2 long sword of electrocution
 v - a +2 dagger of electrocution (weapon)
Missiles
 y - a throwing net
Armour
 a - a +0 robe (worn)
 e - a +0 helmet (worn)
 l - a +0 pair of boots (worn)
 p - a +0 buckler (worn)
Jewellery
 n - a +6 ring of dexterity (left hand)
Wands
 r - a wand of mindburst (15)
Scrolls
 c - 3 scrolls of fear {unknown}
 g - 3 scrolls of noise {unknown}
 h - a scroll of teleportation {unknown}
 j - 2 scrolls of identify {unknown}
 m - a scroll of brand weapon {unknown}
 s - a scroll of magic mapping {unknown}
 u - a scroll of acquirement {unknown}
 w - a scroll of poison {unknown}
 x - a scroll of vulnerability {unknown}
Potions
 b - 3 potions of magic
 i - a potion of haste {unknown}
 o - a potion of brilliance
 q - 2 potions of might {unknown}
 t - a potion of resistance {unknown}
 z - a potion of degeneration {unknown}


   Skills:
 + Level 4.1 Fighting
 + Level 4.1 Short Blades
 + Level 4.1 Long Blades
 + Level 4.1 Axes
 + Level 4.1 Maces & Flails
 + Level 4.1 Polearms
 + Level 4.1 Staves
 + Level 4.1 Ranged Weapons
 + Level 4.1 Throwing
 + Level 4.1 Armour
 + Level 6.2 Dodging
 + Level 5.9 Stealth
 + Level 4.1 Shields
 + Level 4.1 Unarmed Combat
 + Level 6.5 Spellcasting
 + Level 3.4 Conjurations
 + Level 3.4 Hexes
 + Level 3.4 Summonings
 + Level 7.9 Necromancy
 + Level 3.4 Translocations
 + Level 3.4 Transmutations
 + Level 3.4 Fire Magic
 + Level 3.4 Ice Magic
 + Level 3.4 Air Magic
 + Level 3.4 Earth Magic
 + Level 3.4 Poison Magic
 + Level 4.5 Invocations
 + Level 4.1 Evocations


You had 17 spell levels left.
You knew the following spells:

 Your Spells              Type           Power      Damage    Failure   Level
a - Necrotise             Necr           100%       1d9       1%          1
b - Vampiric Draining     Necr           53%        2d9       1%          3

Your spell library contained the following spells:

 Spells                   Type           Power      Damage    Failure   Level
 Apportation              Tloc           56%        N/A       3%          1
 Animate Dead             Necr           53%        N/A       4%          4
 Gell's Gravitas          Tloc           28%        N/A       10%         3
 Teleport Other           Tloc           28%        N/A       10%         3
 Agony                    Necr           53%        N/A       14%         5
 Alistair's Intoxication  Tmut/Pois      18%        N/A       67%         5
 Dispersal                Tloc           14%        N/A       99%         6


Dungeon Overview and Level Annotations

Branches:
Dungeon (6/15)             Temple (1/1) D:5

Altars:
Ashenzari
Elyvilon
Gozag
Hepliaklqana
Makhleb
Nemelex Xobeh
Qazlal
Ru
Sif Muna
Vehumet
Xom
Yredelemnul
Zin
The Shining One


Innate Abilities, Weirdness & Mutations

You have very sharp teeth.
Your uncanny sense of smell can sniff out nearby items.
Your experience applies equally to all skills.


Message History

Found a battleaxe.
You now have 235 gold pieces (gained 11).
An orc is nearby!
The orc shouts!
You hit the orc.
The orc is moderately wounded.
You hear a shout!
The orc barely misses you.
You hit the orc. You bite the orc.
You kill the orc!
Things that are here:
a +0 flail; an orange potion The orc warrior writhes in agony.
The orc throws a stone.
The stone completely misses you.
The orc warrior hits you with a +0 broad axe!
You hit the orc warrior but do no damage.
The orc warrior is lightly wounded.
The orc warrior barely misses you.
You hit the orc warrior but do no damage.
The orc warrior is lightly wounded.
The orc warrior closely misses you.
You hit the orc warrior but do no damage.
The orc warrior is lightly wounded.
The orc warrior barely misses you.
You hit the orc warrior.
The orc warrior is lightly wounded.
The orc warrior hits you with a +0 broad axe!!
You hit the orc warrior but do no damage.
Lightning courses through the orc warrior!
The orc warrior is heavily wounded.
The orc warrior hits you with a +0 broad axe!!
* * * LOW HITPOINT WARNING * * *
The orc warrior throws a boomerang.
The boomerang hits you!
* * * LOW HITPOINT WARNING * * *
You feel better.
Okay, then.
It was a potion of brilliance.
You feel clever all of a sudden.
The orc warrior hits you with a +0 broad axe!!
You die...

.. #.# #.# #.# ###.#
#.. ...#
#.#.####.###########
#.#.......@oo.......
..
#.######.####.######
.. #.##.....### .# .
#.##.##......... #.#
#.##..........##
#.#####.##.##..####.#
.....##...........
...
..............#### .#
..............#


You could see an orc warrior and an orc.

Vanquished Creatures
  Pikel (D:5)
  Eustachio (D:6)
  A water moccasin (D:5)
  3 ice beasts (D:5)
  2 phantoms
  A kobold brigand (D:4)
  2 necrophages
  2 hounds (D:5)
  2 gnoll boudas (D:5)
  3 iguanas
  2 orc wizards
  Ijyb (D:5)
  19 gnolls
  5 adders
  2 worms (D:2)
  2 dart slugs (D:1)
  10 orcs
  6 ball pythons
  10 endoplasms
  2 giant cockroaches (D:1)
  4 goblins
  7 hobgoblins
  3 jackals (D:2)
  6 kobolds
  3 quokkas
  5 bats
  2 frilled lizards
  4 rats
111 creatures vanquished.

Vanquished Creatures (collateral kills)
  A worm (D:2)
1 creature vanquished.

Grand Total: 112 creatures vanquished

Notes
Turn   | Place    | Note
-------+----------+-------------------------------------------
     0 | D:1      | Nattfarinn the Gnoll Necromancer began the quest for the
                  | Orb.
     0 | D:1      | Reached XP level 1. HP: 13/13 MP: 6/6
   359 | D:1      | Reached XP level 2. HP: 19/19 MP: 4/7
   773 | D:1      | Reached skill level 5 in Spellcasting
   773 | D:1      | Reached XP level 3. HP: 25/25 MP: 4/9
   981 | D:1      | Found a faded altar of an unknown god.
  1163 | D:2      | Reached skill level 1 in Invocations
  1271 | D:2      | Reached skill level 1 in Fighting
  1271 | D:2      | Reached skill level 1 in Short Blades
  1271 | D:2      | Reached skill level 1 in Long Blades
  1271 | D:2      | Reached skill level 1 in Axes
  1271 | D:2      | Reached skill level 1 in Maces & Flails
  1271 | D:2      | Reached skill level 1 in Polearms
  1271 | D:2      | Reached skill level 1 in Staves
  1271 | D:2      | Reached skill level 1 in Ranged Weapons
  1271 | D:2      | Reached skill level 1 in Throwing
  1271 | D:2      | Reached skill level 1 in Armour
  1271 | D:2      | Reached skill level 1 in Shields
  1271 | D:2      | Reached skill level 1 in Unarmed Combat
  1271 | D:2      | Reached skill level 1 in Evocations
  1378 | D:2      | Reached XP level 4. HP: 32/32 MP: 7/11
  1532 | D:2      | Reached skill level 1 in Conjurations
  1532 | D:2      | Reached skill level 1 in Hexes
  1532 | D:2      | Reached skill level 1 in Summonings
  1532 | D:2      | Reached skill level 1 in Translocations
  1532 | D:2      | Reached skill level 1 in Transmutations
  1532 | D:2      | Reached skill level 1 in Fire Magic
  1532 | D:2      | Reached skill level 1 in Ice Magic
  1532 | D:2      | Reached skill level 1 in Air Magic
  1532 | D:2      | Reached skill level 1 in Earth Magic
  1532 | D:2      | Reached skill level 1 in Poison Magic
  2407 | D:3      | Learned a level 3 spell: Vampiric Draining
  2544 | D:3      | Reached XP level 5. HP: 26/37 MP: 6/12
  3070 | D:3      | Noticed a phantom
  3097 | D:3      | Killed a phantom
  3098 | D:3      | Reached XP level 6. HP: 10/44 MP: 14/14
  3644 | D:4      | Reached skill level 5 in Dodging
  4015 | D:4      | Reached XP level 7. HP: 50/51 MP: 8/15
  4154 | D:5      | Entered Level 5 of the Dungeon
  4429 | D:5      | Reached skill level 5 in Stealth
  4674 | D:5      | Noticed Ijyb
  4710 | D:5      | Reached XP level 8. HP: 25/58 MP: 2/16
  4983 | D:5      | Found a staircase to the Ecumenical Temple.
  4996 | Temple   | Entered the Ecumenical Temple
  5169 | D:5      | Killed Ijyb
  6187 | D:6      | Noticed Pikel
  6195 | D:5      | Killed Pikel
  6196 | D:5      | Reached XP level 9. HP: 47/65 MP: 18/18
  6343 | D:6      | Noticed Eustachio
  6362 | D:6      | Killed Eustachio
  6576 | D:6      | Slain by an orc warrior

Illustrated notes

Levels and vault maps discovered:
D:1:      minmay_arrival_loop, layout_loops_ring,
          shapermc_ecumenical_altar_starsandcircs, st_stairs_11
D:2:      layout_loops_ring
D:3:      layout_loops_corners
D:4:      layout_basic
D:5:      layout_rooms, minmay_temple_entry_antechambers,
          chequers_serial_rivers_room_b, hangedman_decor_opposing, uniq_ijyb
D:6:      layout_basic, grunt_temple_overflow_bloody_war, ebering_ghost_sewer_d,
          uniq_blork_the_orc, uniq_crazy_yiuf_cottage, uniq_pikel,
          uniq_eustachio
Temple:   nicolae_temple_great_sept

Skill      XL: |  1  2  3  4  5  6  7  8 |
---------------+-------------------------+-----
Spellcasting   | 5 6 |  6.5
Invocations    | 1 2 3 4 |  4.5
Fighting       | 1 2 3 4 |  4.1
Short Blades   | 1 2 3 4 |  4.1
Long Blades    | 1 2 3 4 |  4.1
Axes           | 1 2 3 4 |  4.1
Maces & Flails | 1 2 3 4 |  4.1
Polearms       | 1 2 3 4 |  4.1
Staves         | 1 2 3 4 |  4.1
Ranged Weapons | 1 2 3 4 |  4.1
Throwing       | 1 2 3 4 |  4.1
Armour         | 1 2 3 4 |  4.1
Shields        | 1 2 3 4 |  4.1
Unarmed Combat | 1 2 3 4 |  4.1
Evocations     | 1 2 3 4 |  4.1
Conjurations   | 1 2 3 |  3.4
Hexes          | 1 2 3 |  3.4
Summonings     | 1 2 3 |  3.4
Translocations | 1 2 3 |  3.4
Transmutations | 1 2 3 |  3.4
Fire Magic     | 1 2 3 |  3.4
Ice Magic      | 1 2 3 |  3.4
Air Magic      | 1 2 3 |  3.4
Earth Magic    | 1 2 3 |  3.4
Poison Magic   | 1 2 3 |  3.4
Dodging        | 5 6 |  6.2
Stealth        | 5 |  5.9
Necromancy     | |  7.9

Action                   |  1- 3 |  4- 6 |  7- 9 || total
-------------------------+-------+-------+-------++-------
Melee: Long sword        |    21 |    26 |     8 ||    55
       Bite              |     1 |     4 |    14 ||    19
       Dagger            |       |       |   124 ||   124
 Cast: Necrotise         |    38 |    86 |    61 ||   185
       Vampiric Draining |       |       |    10 ||    10
Evoke: Wand              |       |     3 |       ||     3
  Use: Potion            |       |       |     4 ||     4
Armor: Robe              |     7 |    18 |    23 ||    48
Dodge: Dodged            |    21 |    16 |    92 ||   129
Block: Buckler           |       |     4 |    31 ||    35

Table legend: (Time is in decaauts)
 A = Elapsed time spent in this place.
 B = Non-inter-level travel time spent in this place.
 C = Inter-level travel time spent in this place.
 D = Time resting spent in this place.
 E = Time spent auto-exploring this place.
 F = Levels seen in this place.
 G = Mean time per level.
                   A        B        C        D        E       F      G
               +--------+--------+--------+--------+--------+-----+--------+
         Total |   6582 |   6380 |    202 |    630 |   4836 |   7 |  940.3 |
       Dungeon |   6489 |   6287 |    202 |    630 |   4767 |   6 | 1081.5 |
        Temple |     93 |     93 |      0 |      0 |     69 |   1 |   93.0 |
               +--------+--------+--------+--------+--------+-----+--------+

Top non-repeatable levels by time:
     D:5: 1878 daAuts
     D:3: 1430 daAuts
     D:1: 1128 daAuts
     D:2: 992 daAuts
     D:4: 764 daAuts
     D:6: 295 daAuts
  Temple: 93 daAuts
